 Dungeon Crawl Stone Soup version 0.31-a0-188-g5e087ee2ca (webtiles) character file.

Game seed: 1431161183582865964

44 qw the Shooter (level 3, -1/20 HPs)
             Began as a Deep Elf Hunter on June 23, 2023.
             Slain by an orc
             ... wielding a +0 falchion
              (2 damage)
             ... on level 1 of the Dungeon.
             The game lasted 00:00:11 (484 turns).

qw the Shooter (Deep Elf Hunter)                     Turns: 484, Time: 00:00:11

Health: -1/20      AC:  3    Str: 10    XL:     3   Next: 41%
Magic:  5/5        EV: 12    Int: 13    God:
Gold:   57         SH:  0    Dex: 18    Spells: 2/2 levels left

rFire   . . .        Y - +0 shortbow
rCold   . . .        (shield currently unavailable)
rNeg    + . .        c - +0 leather armour
rPois   .            (no helmet)
rElec   .            (no cloak)
rCorr   .            (no gloves)
SInv    .            (no boots)
Will    .....        (no amulet)
Stlth   ++           f - ring of positive energy
HPRegen 0.23/turn    (no ring)
MPRegen 0.09/turn

%: no passive effects
@: no status effects
A: no striking features
a: no special abilities


You were on level 1 of the Dungeon.
You visited 1 branch of the dungeon, and saw 2 of its levels.

You collected 57 gold pieces.


   Skills:
 - Level 1.5 Fighting
 + Level 7.0 Ranged Weapons
 - Level 2.4 Dodging
 - Level 1.2 Stealth


You had 2 spell levels left.
You didn't know any spells.
Your spell library was empty.

Inventory:

Hand Weapons
 Y - a +0 shortbow (weapon)
Armour
 c - a +0 leather armour (worn)
Jewellery
 f - a ring of positive energy (left hand)
Potions
 d - a potion of lignification {unknown}
 h - a potion of invisibility {unknown}
 i - a potion of enlightenment {unknown}

Dungeon Overview and Level Annotations

Branches:
Dungeon (2/15)

Altars:


Message History

You shoot an arrow. The arrow hits the orc!
You kill the orc!
The orc hits you with a +0 falchion. The orc closely misses you.
The orc hits you with a +0 falchion.
You shoot an arrow. The arrow hits the orc.
The orc is moderately wounded.
The orc closely misses you.
The orc hits you with a +0 vampiric war axe.
The orc closely misses you.
You shoot an arrow. The arrow closely misses the orc.
The orc hits you with a +0 falchion. The orc barely misses you.
The orc hits you with a +0 falchion.
You shoot an arrow. The arrow hits the orc.
The orc is severely wounded.
The orc barely misses you. x3
You shoot an arrow. The arrow closely misses the orc.
The orc barely misses you. The orc closely misses you.
The orc barely misses you.
You shoot an arrow. The arrow hits the orc.
You kill the orc!
The orc completely misses you. The orc misses you.
Your Ranged Weapons skill increases to level 7!
You shoot an arrow. The arrow hits the orc.
The orc is moderately wounded.
The orc hits you with a +0 falchion. The orc misses you.
You shoot an arrow.
The arrow hits the orc but does no damage.
The orc is moderately wounded.
The orc barely misses you. x2
You shoot an arrow. The arrow completely misses the orc.
The orc completely misses you. The orc closely misses you.
You shoot an arrow.
The arrow hits the orc but does no damage.
The orc is moderately wounded.
The orc barely misses you. x2
You shoot an arrow. The arrow barely misses the orc.
The orc barely misses you.
The orc hits you with a +0 vampiric war axe.
The orc hits you with a +0 falchion.
You die...

#.............#.####.............
#...........###..................
##...............................
#..........###..###.#............
#..........##...##..#....>.......
#..........##......###...........
#................................
#..........#...[o)....####.....##
##........##...o@..##......######
##......##....##)#####.#......##
##......................####...
##########.....#.###...##........
....## #.......# #.#.########..
.....#####'####### ###'# ###
.........#.#.#77777#.#.# ##.
......####.............### ##..
......####..7..7.7..7..#.## #..#


You could see 2 orcs.

Vanquished Creatures
  An orc priest (D:1)
  2 orcs (D:1)
  A ball python (D:1)
  An endoplasm (D:1)
  A giant cockroach (D:1)
  2 hobgoblins (D:1)
  A quokka (D:1)
  3 bats (D:1)
  A frilled lizard (D:1)
  A rat (D:1)
14 creatures vanquished.

Notes
Turn   | Place    | Note
-------+----------+-------------------------------------------
     0 | D:1      | qw the Deep Elf Hunter began the quest for the Orb.
     0 | D:1      | Reached XP level 1. HP: 12/12 MP: 3/3
     0 | D:1      | 0 ||| qw: Version: 0.3-a-9-g12657ce
     0 | D:1      | 0 ||| qw: Game counter: 3460
     0 | D:1      | 0 ||| qw: Always use a shield: true
     0 | D:1      | 0 ||| qw: God list: Okawaru
     0 | D:1      | 0 ||| qw: Allow faded altars: false
     0 | D:1      | 0 ||| qw: Do Orc after D:15 true
     0 | D:1      | 0 ||| qw: Do second Lair branch before Depths: true
     0 | D:1      | 0 ||| qw: Lair rune preference: random
     0 | D:1      | 0 ||| qw: Plans: Normal
     0 | D:1      | 0 ||| PLANNING D:1-11
   213 | D:1      | Reached skill level 6 in Ranged Weapons
   213 | D:1      | Reached XP level 2. HP: 16/16 MP: 4/4
   414 | D:1      | 414 ||| UPGRADING to ring of positive energy.
   415 | D:1      | 415 ||| READING scroll labelled SIUBLE KIQIARADD.
   416 | D:1      | 416 ||| READING scroll labelled GARRUORCHUN.
   417 | D:1      | 417 ||| DROPPING scroll of butterflies.
   440 | D:2      | 440 ||| STAIRDANCE
   446 | D:1      | Reached XP level 3. HP: 14/20 MP: 5/5
   471 | D:2      | 471 ||| STAIRDANCE
   476 | D:1      | HP: 4/20 [orc/+0 falchion (2)]
   480 | D:1      | Reached skill level 7 in Ranged Weapons
   484 | D:1      | HP: 1/20 [orc/+0 vampiric war axe (2)]
   484 | D:1      | Slain by an orc

Levels and vault maps discovered:
D:1:      tarquinn_simple_flora_water_b, layout_rooms
D:2:      layout_loops_ring, serial_shops, shop

Skill      XL: |  1  2  3 |
---------------+----------+-----
Ranged Weapons | 6 7 |  7.0
Fighting       | |  1.5
Dodging        | |  2.4
Stealth        | |  1.2

Action                     || total
---------------------------++-------
   Fire: Shortbow          ||    34
    Use: Scroll            ||     2
 Armour: Leather armour    ||     4
  Dodge: Dodged            ||    32

Table legend:
 A = Non-vault XP
 B = Vault XP
 C = Vault XP percentage of total XP
 D = Non-vault monster count
 E = Vault monster count
 F = Vault count percentage of total count
                 A         B        C        D         E       F
            +---------+---------+-------+---------+---------+-------
      Total |      64 |       0 |   0.0 |      14 |       0 |   0.0
            +---------+---------+-------+---------+---------+-------
        D:1 |      64 |       0 |   0.0 |      14 |       0 |   0.0
            +---------+---------+-------+---------+---------+-------
